PAA
MERCER ISLAND SCREAMING EAGLES @ MINNESOTA LOONS
09/24/2038
 
TOP OF THE 1ST
Mercer Island Screaming Eagles batting - Pitching for Minnesota Loons : RHP Pjotr de Moor
Pitching: RHP Pjotr de Moor
Batting: RHB Emílio Ramírez 0-0: Ball
1-0: Ball
2-0: Called Strike
2-1: Foul Ball, location: 2F
2-2: Ball
3-2: Ground out 5-3 (Groundball, 56, EV 106.9 MPH)
Batting: RHB Charles Basle 0-0: SINGLE (Groundball, 56D, EV 98.1 MPH)
Batting: LHB Fernando Flores 0-0: Ball
1-0: Ball
2-0: Ball
3-0: Called Strike
3-1: Fly out, F9 (Flyball, 89M, EV 81.9 MPH)
Batting: RHB Brevyn Spann-Ford 0-0: Called Strike
0-1: Foul Ball, location: 2F
0-2: Ball
1-2: Strikes out swinging
Top of the 1st over - 0 runs, 1 hit, 0 errors, 1 left on base; Mercer Island 0 - Minnesota 0
BOTTOM OF THE 1ST
Minnesota Loons batting - Pitching for Mercer Island Screaming Eagles : RHP Lonnie Zavala
Pitching: RHP Lonnie Zavala
Batting: SHB Milojica Kordic 0-0: Ball
1-0: Ball
2-0: Called Strike
2-1: Ball
3-1: Foul Ball, location: 2F
3-2: Fly out, F6 (Popup, 56, EV 68.8 MPH)
Batting: RHB Brad Hargrove 0-0: Ball
1-0: Called Strike
1-1: Ball
2-1: Ground out 6-3 (Groundball, 6, EV 88.8 MPH)
Batting: LHB Cameron Woolever 0-0: Foul Ball, location: 2F
0-1: Ball
1-1: Ball
2-1: Ball
3-1: Foul Ball, location: 2F
3-2: Foul Ball, location: 2F
3-2: Foul Ball, location: 2F
3-2: SINGLE (Groundball, 4, EV 86.9 MPH) (infield hit)
Batting: RHB Igme Samson 0-0: Called Strike
0-1: Called Strike
Cameron Woolever steals 2nd base
0-2: Ball
1-2: Ball
2-2: Ball
3-2: Foul Ball, location: 2F
3-2: Ground out 6-3 (Groundball, 6, EV 108.8 MPH)
Bottom of the 1st over - 0 runs, 1 hit, 0 errors, 1 left on base; Mercer Island 0 - Minnesota 0
TOP OF THE 2ND
Mercer Island Screaming Eagles batting - Pitching for Minnesota Loons : RHP Pjotr de Moor
Batting: RHB Corey Ollerton 0-0: Ball
1-0: Ball
2-0: Ground out 5-3 (Groundball, 5L, EV 88.8 MPH)
Batting: LHB Pedro Muńóz 0-0: Ball
1-0: Ball
2-0: Foul Ball, location: 2F
2-1: Swinging Strike
2-2: Ball
3-2: Base on Balls
Batting: RHB Mikael Evangjeli 0-0: Called Strike
0-1: Foul Ball, location: 2F
0-2: Ball
1-2: Grounds into double play, 5-4-3 (Groundball, 56, EV 99.4 MPH)
Top of the 2nd over - 0 runs, 0 hits, 0 errors, 0 left on base; Mercer Island 0 - Minnesota 0
BOTTOM OF THE 2ND
Minnesota Loons batting - Pitching for Mercer Island Screaming Eagles : RHP Lonnie Zavala
Batting: RHB David Stone 0-0: Ball
1-0: Ball
2-0: Ball
3-0: Base on Balls
Batting: RHB Yoshiki Ito 0-0: Ball
Wild Pitch!
David Stone to second
1-0: Called Strike
1-1: Ball
2-1: Ball
3-1: Foul Ball, location: 2F
3-2: Strikes out swinging
Batting: RHB Javier Vázquez 0-0: Ball
1-0: Called Strike
1-1: Ball
2-1: Foul Ball, location: 2F
2-2: Foul Ball, location: 2F
2-2: Ball
3-2: SINGLE (Flyball, 78S, EV 90.0 MPH)
David Stone to third
Runner from 3rd tries for Home, throw by LF and OUT! 7-2
Batting: RHB Sehinsah Al-Fanari 0-0: Ball
1-0: Fly out, F8 (Flyball, 8RM, EV 83.1 MPH)
Bottom of the 2nd over - 0 runs, 1 hit, 0 errors, 1 left on base; Mercer Island 0 - Minnesota 0
TOP OF THE 3RD
Mercer Island Screaming Eagles batting - Pitching for Minnesota Loons : RHP Pjotr de Moor
Batting: LHB Domingo Ramos 0-0: Ball
1-0: Foul Ball, location: 2F
1-1: Ball
2-1: Fly out, F8 (Line Drive, 8RM, EV 98.1 MPH)
Batting: RHB Byron Ballard 0-0: Fly out, F8 (Flyball, 8RM, EV 76.9 MPH)
Batting: RHB Emílio Ramírez 0-0: Reached on error, E8 (Flyball, 8RXD, EV 93.8 MPH)
Batting: RHB Charles Basle 0-0: Called Strike
0-1: Fly out, F6 (Popup, 4MD, EV 48.1 MPH)
Top of the 3rd over - 0 runs, 0 hits, 1 error, 1 left on base; Mercer Island 0 - Minnesota 0
BOTTOM OF THE 3RD
Minnesota Loons batting - Pitching for Mercer Island Screaming Eagles : RHP Lonnie Zavala
Batting: RHB William Morgan 0-0: Foul Ball, location: 2F
0-1: Swinging Strike
0-2: Foul Ball, location: 2F
0-2: Strikes out swinging
Batting: SHB Milojica Kordic 0-0: Ball
1-0: Foul Ball, location: 2F
1-1: Foul Ball, location: 2F
1-2: Strikes out swinging
Batting: RHB Brad Hargrove 0-0: Foul Ball, location: 2F
0-1: Foul Ball, location: 2F
0-2: Foul Ball, location: 2F
0-2: Ball
1-2: Foul Ball, location: 2F
1-2: Ball
2-2: Strikes out swinging
Bottom of the 3rd over - 0 runs, 0 hits, 0 errors, 0 left on base; Mercer Island 0 - Minnesota 0
TOP OF THE 4TH
Mercer Island Screaming Eagles batting - Pitching for Minnesota Loons : RHP Pjotr de Moor
Batting: LHB Fernando Flores 0-0: Ball
1-0: Ball
2-0: Ground out 4-3 (Groundball, 4S, EV 83.1 MPH)
Batting: RHB Brevyn Spann-Ford 0-0: Ball
1-0: Ball
2-0: SINGLE (Groundball, 56D, EV 95.6 MPH)
Batting: RHB Corey Ollerton 0-0: Ball
1-0: SINGLE (Flyball, 89M, EV 99.4 MPH)
Brevyn Spann-Ford to second
Runner from 2nd tries for 3rd, SAFE, throw by RF made to third
Batting: LHB Pedro Muńóz 0-0: Ball
1-0: Swinging Strike
1-1: Ball
2-1: Ball
3-1: Foul Ball, location: 2F
3-2: Foul Ball, location: 2F
3-2: Foul Ball, location: 2F
3-2: Fielders Choice at 2nd, 6-4 (Groundball, 6, EV 86.2 MPH)
Brevyn Spann-Ford scores
Batting: RHB Mikael Evangjeli 0-0: Called Strike
0-1: DOUBLE (Groundball, 5L, EV 99.4 MPH)
Pedro Muńóz to third
Runner from 3rd tries for Home, SAFE, no throw by LF
Batting: LHB Domingo Ramos 0-0: Swinging Strike
0-1: Swinging Strike
0-2: Ball
1-2: Ground out 4-3 (Groundball, 4, EV 85.0 MPH)
Top of the 4th over - 2 runs, 3 hits, 0 errors, 1 left on base; Mercer Island 2 - Minnesota 0
BOTTOM OF THE 4TH
Minnesota Loons batting - Pitching for Mercer Island Screaming Eagles : RHP Lonnie Zavala
Batting: LHB Cameron Woolever 0-0: Hit by Pitch
Batting: RHB Igme Samson 0-0: Ball
Cameron Woolever is caught stealing 2nd base 2-4
1-0: Foul Ball, location: 2F
1-1: Called Strike
1-2: Ground out 5-3 (Groundball, 56S, EV 73.8 MPH)
Batting: RHB David Stone 0-0: Swinging Strike
0-1: Ball
1-1: Ball
2-1: Ball
3-1: Base on Balls
Batting: RHB Yoshiki Ito 0-0: SINGLE (Groundball, 34, EV 83.8 MPH) (infield hit)
David Stone to second
Batting: RHB Javier Vázquez 0-0: Ball
1-0: Ball
2-0: Foul Ball, location: 2F
2-1: Ground out 1-3 (Groundball, 13, EV 87.5 MPH)
Bottom of the 4th over - 0 runs, 1 hit, 0 errors, 2 left on base; Mercer Island 2 - Minnesota 0
TOP OF THE 5TH
Mercer Island Screaming Eagles batting - Pitching for Minnesota Loons : RHP Pjotr de Moor
Batting: RHB Byron Ballard 0-0: Ball
1-0: Ball
2-0: Ground out 6-3 (Groundball, 6, EV 92.5 MPH)
Batting: RHB Emílio Ramírez 0-0: Called Strike
0-1: Fly out, F8 (Flyball, 8RS, EV 74.4 MPH)
Batting: RHB Charles Basle 0-0: Ball
1-0: Ball
2-0: Ball
3-0: Base on Balls
Batting: LHB Fernando Flores 0-0: Ball
1-0: Ground out 4-3 (Groundball, 4, EV 91.2 MPH)
Top of the 5th over - 0 runs, 0 hits, 0 errors, 1 left on base; Mercer Island 2 - Minnesota 0
BOTTOM OF THE 5TH
Minnesota Loons batting - Pitching for Mercer Island Screaming Eagles : RHP Lonnie Zavala
Batting: RHB Sehinsah Al-Fanari 0-0: Called Strike
0-1: Foul Ball, location: 2F
0-2: Foul Ball, location: 2F
0-2: Ball
1-2: Ball
2-2: Strikes out looking
Batting: RHB William Morgan 0-0: Ball
1-0: Ground out 6-3 (Groundball, 6, EV 103.1 MPH)
Batting: SHB Milojica Kordic 0-0: Ball
1-0: Foul Ball, location: 2F
1-1: Ball
2-1: Fly out, F8 (Flyball, 8RM, EV 85.6 MPH)
Bottom of the 5th over - 0 runs, 0 hits, 0 errors, 0 left on base; Mercer Island 2 - Minnesota 0
TOP OF THE 6TH
Mercer Island Screaming Eagles batting - Pitching for Minnesota Loons : RHP Pjotr de Moor
Batting: RHB Brevyn Spann-Ford 0-0: Ball
1-0: Swinging Strike
1-1: Ground out 5-3 (Groundball, 5, EV 96.9 MPH)
Batting: RHB Corey Ollerton 0-0: Ball
1-0: SOLO HOME RUN (Flyball, 9LD, EV 103.1 MPH), Distance : 345 ft
Batting: LHB Pedro Muńóz 0-0: Swinging Strike
0-1: Swinging Strike
0-2: Ball
1-2: Foul Ball, location: 2F
1-2: Ball
2-2: Ground out 5-3 (Groundball, 56, EV 89.4 MPH)
Batting: RHB Mikael Evangjeli 0-0: DOUBLE (Line Drive, 78D, EV 111.9 MPH)
Batting: LHB Domingo Ramos 0-0: Called Strike
0-1: Ball
1-1: Foul Ball, location: 2F
1-2: Ball
2-2: Strikes out swinging
Top of the 6th over - 1 run, 2 hits, 0 errors, 1 left on base; Mercer Island 3 - Minnesota 0
BOTTOM OF THE 6TH
Minnesota Loons batting - Pitching for Mercer Island Screaming Eagles : RHP Lonnie Zavala
Batting: RHB Brad Hargrove 0-0: Called Strike
0-1: Foul Ball, location: 2F
0-2: Ball
1-2: Ball
2-2: Foul Ball, location: 2F
2-2: Ball
3-2: Base on Balls
Batting: LHB Cameron Woolever 0-0: Ball
1-0: Foul Ball, location: 2F
1-1: Ball
Wild Pitch!
Brad Hargrove to second
2-1: Ground out U3 (Groundball, 34S, EV 74.4 MPH)
Brad Hargrove to third
Batting: RHB Igme Samson 0-0: Ball
1-0: Ground out 6-3 (Groundball, 6, EV 100.0 MPH)
Brad Hargrove scores
Batting: RHB David Stone 0-0: Called Strike
0-1: Called Strike
0-2: Ball
1-2: Foul Ball, location: 2F
1-2: Ball
2-2: Foul Ball, location: 2F
2-2: Foul Ball, location: 2F
2-2: Ball
3-2: Base on Balls
Pitching: RHP Jacob Swanson
Batting: RHB Yoshiki Ito 0-0: Ball
1-0: Ball
2-0: Called Strike
2-1: Swinging Strike
2-2: Fielders Choice at 2nd, 6-4 (Groundball, 6, EV 85.6 MPH)
Bottom of the 6th over - 1 run, 0 hits, 0 errors, 1 left on base; Mercer Island 3 - Minnesota 1
TOP OF THE 7TH
Mercer Island Screaming Eagles batting - Pitching for Minnesota Loons : RHP Pjotr de Moor
Batting: RHB Byron Ballard 0-0: Ball
1-0: Ball
2-0: Ground out 6-3 (Groundball, 6, EV 101.2 MPH)
Batting: RHB Emílio Ramírez 0-0: Called Strike
0-1: DOUBLE (Line Drive, 7LS, EV 113.8 MPH)
Batting: RHB Charles Basle 0-0: Called Strike
0-1: Ball
1-1: SINGLE (Groundball, 34D, EV 105.0 MPH)
Emílio Ramírez to third
Runner from 3rd tries for Home, SAFE, throw by RF to home
Batting: LHB Fernando Flores 0-0: Ball
1-0: Called Strike
1-1: Ball
2-1: Called Strike
2-2: Foul Ball, location: 2F
2-2: Fly out, F8 (Flyball, 89D, EV 98.8 MPH)
Pitching: RHP Adrián Porras
Batting: RHB Brevyn Spann-Ford 0-0: Foul Ball, location: 2F
0-1: Ball
1-1: Ball
2-1: Fly out, F8 (Flyball, 8RM, EV 92.5 MPH)
Top of the 7th over - 1 run, 2 hits, 0 errors, 1 left on base; Mercer Island 4 - Minnesota 1
BOTTOM OF THE 7TH
Minnesota Loons batting - Pitching for Mercer Island Screaming Eagles : RHP Jacob Swanson
Batting: RHB Javier Vázquez 0-0: Foul Ball, location: 2F
0-1: Ball
1-1: Foul Ball, location: 2F
1-2: Ball
2-2: Strikes out swinging
Batting: RHB Sehinsah Al-Fanari 0-0: Called Strike
0-1: Ball
1-1: Ball
2-1: Swinging Strike
2-2: Ball
3-2: Ground out 2-3 (Groundball, 2L, EV 75.0 MPH)
Batting: RHB William Morgan 0-0: Ball
1-0: Ball
2-0: Ball
3-0: Called Strike
3-1: Called Strike
3-2: SINGLE (Groundball, 56D, EV 101.2 MPH)
Batting: SHB Milojica Kordic 0-0: Ball
1-0: Foul Ball, location: 2F
1-1: Ball
2-1: Foul Ball, location: 2F
Balk!
William Morgan to second
2-2: Foul Ball, location: 2F
2-2: Ball
3-2: Strikes out looking
Bottom of the 7th over - 0 runs, 1 hit, 0 errors, 1 left on base; Mercer Island 4 - Minnesota 1
TOP OF THE 8TH
Mercer Island Screaming Eagles batting - Pitching for Minnesota Loons : RHP Adrián Porras
Pitching: RHP Tekoa Kinsinger
Batting: RHB Corey Ollerton 0-0: Ball
1-0: Ball
2-0: Ball
3-0: Called Strike
3-1: Ground out 6-3 (Groundball, 6S, EV 63.1 MPH)
Batting: LHB Pedro Muńóz 0-0: Called Strike
0-1: Foul Ball, location: 2F
0-2: Strikes out swinging
Batting: RHB Mikael Evangjeli 0-0: Ball
1-0: Called Strike
1-1: Ball
2-1: Ball
3-1: Foul Ball, location: 2F
3-2: Base on Balls
Batting: LHB Domingo Ramos 0-0: Ball
Mikael Evangjeli steals 2nd base (no throw)
1-0: Called Strike
1-1: Ball
2-1: DOUBLE (Flyball, 78D, EV 93.1 MPH)
Mikael Evangjeli scores
Batting: RHB Byron Ballard 0-0: Called Strike
0-1: Ball
1-1: Swinging Strike
1-2: Ground out 5-3 (Groundball, 56, EV 88.1 MPH)
Top of the 8th over - 1 run, 1 hit, 0 errors, 1 left on base; Mercer Island 5 - Minnesota 1
BOTTOM OF THE 8TH
Minnesota Loons batting - Pitching for Mercer Island Screaming Eagles : RHP Jacob Swanson
Batting: RHB Brad Hargrove 0-0: Foul Ball, location: 2F
0-1: Ball
1-1: Called Strike
1-2: Foul Ball, location: 2F
1-2: Fly out, F9 (Flyball, 89D, EV 103.8 MPH)
Batting: LHB Cameron Woolever 0-0: Ground out 3-1 (Groundball, 34, EV 91.2 MPH)
Batting: RHB Igme Samson 0-0: Swinging Strike
0-1: SINGLE (Groundball, 34D, EV 103.8 MPH)
Batting: RHB David Stone 0-0: Ball
1-0: Ball
2-0: Foul Ball, location: 2F
2-1: SINGLE (Groundball, 4D, EV 96.9 MPH)
Igme Samson to second
Runner from 2nd tries for 3rd, SAFE, throw by RF made to third
Batting: RHB Yoshiki Ito 0-0: Foul Ball, location: 2F
0-1: Ball
1-1: Foul Ball, location: 2F
1-2: Ball
2-2: Foul Ball, location: 2F
2-2: Ball
3-2: DOUBLE (Flyball, 8RXD, EV 90.0 MPH)
Igme Samson scores
David Stone to third
David Stone scores
Batting: RHB Javier Vázquez 0-0: Swinging Strike
0-1: Foul Ball, location: 2F
0-2: Foul Ball, location: 2F
0-2: Ball
1-2: Ball
2-2: Foul Ball, location: 2F
2-2: Ball
3-2: Ground out 1-3 (Groundball, 13S, EV 71.9 MPH)
Bottom of the 8th over - 2 runs, 3 hits, 0 errors, 1 left on base; Mercer Island 5 - Minnesota 3
TOP OF THE 9TH
Mercer Island Screaming Eagles batting - Pitching for Minnesota Loons : RHP Tekoa Kinsinger
Batting: RHB Emílio Ramírez 0-0: Called Strike
0-1: Ball
1-1: Ball
2-1: Ball
3-1: Base on Balls
Batting: RHB Charles Basle 0-0: Called Strike
0-1: Foul Ball, location: 2F
0-2: Ball
1-2: Ball
2-2: Ball
3-2: Foul Ball, location: 2F
3-2: Fly out, F9 (Flyball, 9S, EV 88.1 MPH)
Batting: LHB Fernando Flores 0-0: Called Strike
0-1: Ball
Emílio Ramírez steals 2nd base
1-1: Foul Ball, location: 2F
1-2: Foul Ball, location: 2F
1-2: Foul Ball, location: 2F
1-2: Fly out, F9 (Flyball, 9S, EV 73.8 MPH)
Batting: RHB Brevyn Spann-Ford 0-0: Fly out, F8 (Line Drive, 8RM, EV 91.2 MPH)
Top of the 9th over - 0 runs, 0 hits, 0 errors, 1 left on base; Mercer Island 5 - Minnesota 3
BOTTOM OF THE 9TH
Minnesota Loons batting - Pitching for Mercer Island Screaming Eagles : RHP Jacob Swanson
Batting: RHB Sehinsah Al-Fanari 0-0: Called Strike
0-1: Called Strike
0-2: Foul Ball, location: 2F
0-2: Strikes out swinging
Batting: RHB William Morgan 0-0: Foul Ball, location: 2F
0-1: Ball
1-1: Called Strike
1-2: Ground out 5-3 (Groundball, 5L, EV 85.0 MPH)
Batting: SHB Milojica Kordic 0-0: Called Strike
0-1: Foul Ball, location: 2F
0-2: Ball
1-2: Foul Ball, location: 2F
1-2: Foul Ball, location: 2F
1-2: Ball
2-2: Ball
3-2: Base on Balls
Pitching: RHP Jeremy Gonzáles
Batting: RHB Brad Hargrove 0-0: Foul Ball, location: 2F
0-1: Swinging Strike
0-2: Foul Ball, location: 2F
0-2: Ball
1-2: Ball
2-2: Fly out, F5 (Popup, 5F, EV 81.2 MPH)
Bottom of the 9th over - 0 runs, 0 hits, 0 errors, 1 left on base; Mercer Island 5 - Minnesota 3
Friday, April 17th, 2020 - OOTP Baseball 20.8 Build 74